 Dungeon Crawl Stone Soup version 0.23.2-1-ga50397a6bc (webtiles) character file.

Game seed: 4567379157542316334

2889 Revguard the Cleaver (level 9, -1/117 HPs)
             Began as a Hill Orc Fighter on May 2, 2019.
             Was a Believer of Beogh.
             Slain by voshxz's ghost (6 damage)
             ... on level 7 of the Dungeon.
             The game lasted 00:17:00 (6427 turns).

Revguard the Cleaver (Hill Orc Fighter)             Turns: 6427, Time: 00:17:01

Health: -1/117     AC: 24    Str: 20    XL:     9   Next: 77%
Magic:  4/14       EV:  2    Int:  8    God:    Beogh [**....]
Gold:   338        SH: 11    Dex: 12    Spells: 8/8 levels left

rFire    . . .     SeeInvis .   n - +1 hand axe (venom)
rCold    . . .     Gourm    +   c - +0 shield
rNeg     + + +     Faith    .   (armour currently unavailable)
rPois    +         Spirit   .   (helmet currently unavailable)
rElec    .         Reflect  .   (cloak currently unavailable)
rCorr    +         Harm     .   (gloves currently unavailable)
MR       .....     NoTele   +   (boots currently unavailable)
Stlth    +.........             l - amulet of the gourmand
HPRegen  0.29/turn              B - ring of resist corrosion
MPRegen  0.14/turn              (no ring)

@: tree-form
A: no striking features
a: Smiting, Renounce Religion


You were on level 7 of the Dungeon.
You worshipped Beogh.
Beogh was pleased with you.
You were very full.
You were a tree.
You visited 1 branch of the dungeon, and saw 7 of its levels.

You collected 338 gold pieces.

Inventory:

Hand Weapons
 a - a +0 war axe
 n - a +1 hand axe of venom (weapon)
Armour
 c - a +0 shield (worn)
 i - a +0 cloak
 k - a +0 plate armour (melded)
 C - a scarf of spirit shield (melded)
Jewellery
 l - an amulet of the gourmand (around neck)
 y - an uncursed ring of stealth
 B - a ring of resist corrosion (left branch)
Wands
 s - a wand of flame (13)
 w - a wand of paralysis (3)
 x - a wand of acid (14)
Scrolls
 b - 3 scrolls of enchant weapon
 e - 4 scrolls of identify
 h - 3 scrolls of remove curse
 j - a scroll of magic mapping
 m - 2 scrolls of enchant armour
 o - 2 scrolls of fog
 p - a scroll of teleportation
 v - 2 scrolls of amnesia
 A - a scroll of blinking {unknown}
Potions
 d - a potion of flight
 g - a potion of haste
 q - a potion of might
 r - 2 potions of curing
 t - 2 potions of brilliance
 u - a potion of lignification
Comestibles
 f - 11 rations


   Skills:
 + Level 6.5 Fighting
 + Level 9.7 Axes
 + Level 6.2 Armour
 + Level 0.5 Dodging
 + Level 7.3 Shields
 * Level 7.2 Invocations
 * Level 2.6 Evocations


You had 8 spell levels left.
You didn't know any spells.
Your spell library was empty.

Dungeon Overview and Level Annotations

Branches:
Dungeon (7/15)             Temple (0/1) D:4

Altars:
Cheibriados
Kikubaaqudgha
Makhleb
Qazlal
Ru
Sif Muna
Wu Jian

Shops:
D:4 :   D:5 }

Annotations:
D:7 voshxz's ghost, novice TrBe


Message History

Voshxz's ghost is almost destroyed.
Voshxz's ghost hits you but does no damage.
You hit voshxz's ghost but do no damage.
Voshxz's ghost is almost destroyed.
You hit voshxz's ghost but do no damage.
Voshxz's ghost is almost destroyed.
Voshxz's ghost hits you but does no damage.
You hit voshxz's ghost.
Voshxz's ghost is almost destroyed.
Voshxz's ghost shrieks, "I have seen your future, and it is all used up."
Voshxz's ghost hits you!
* * * LOW HITPOINT WARNING * * *
You closely miss voshxz's ghost.
Voshxz's ghost is almost destroyed.
Voshxz's ghost hits you.
* * * LOW HITPOINT WARNING * * *
You closely miss voshxz's ghost.
Voshxz's ghost is almost destroyed.
Voshxz's ghost hits you.
You die...

.# #....# #............## .#
#....# #............#. .# #....#
#.....)..(((.#. .####....#
#............#. .........###
#.............. ...........##
#.............. ######.###..##
#####.######### # ##..##...######
#.##...#... ### #.....©.©..W♣.#
#.##.#.#.##
..#####################.#..#.#.##
.....#....$=$..OO#...............
#.####.#..#.#..#O#.####.#......##
..# #..##...##..#.# #.#..#.####
..# #..##...##..#.# #.#..#.#...
..# #.#..#.#..#.#.# #.#..#.#.##
..# #.....©..O.©#.# #.#..#.#.#
..# #############.# #.#..#.#.#


You could see a two-headed ogre, 2 ogres and voshxz's ghost.

Vanquished Creatures
  The ghost of MajorAdolf the Cutter, a novice NaWn (D:4)
  Grinder (D:3)
  Edmund (D:4)
  Duvessa (D:4)
  2 orc warriors
  2 ice beasts
  2 sky beasts (D:6)
  A hornet zombie (D:7)
  2 ogres
  2 centaurs (D:7)
  2 bullfrogs (D:6)
  Dowan (D:4)
  A scorpion (D:7)
  A jelly (D:7)
  2 crimson imps
  A bullfrog zombie (D:7)
  5 hounds
  2 bullfrog skeletons
  5 orc wizards
  Natasha (D:3)
  2 worker ants
  A hound zombie (D:5)
  4 gnolls (D:3)
  8 adders
  2 oozes
  3 worms
  3 dart slugs
  6 leopard geckos
  14 orcs
  2 ball pythons (D:1)
  4 bats
  2 giant cockroaches
  3 goblins
  10 hobgoblins
  17 jackals
  7 kobolds
  3 quokkas
  4 frilled lizards
  A jackal zombie (D:7)
  8 rats
140 creatures vanquished.

Vanquished Creatures (others)
  A human (D:3)
  Natasha (twice) (D:3)
  3 orcs (D:3)
  2 bats (D:3)
  A giant cockroach (D:3)
  A kobold (D:3)
10 creatures vanquished.

Grand Total: 150 creatures vanquished

Notes
Turn   | Place    | Note
-------+----------+-------------------------------------------
     0 | D:1      | Revguard the Hill Orc Fighter began the quest for the Orb.
     0 | D:1      | Reached XP level 1. HP: 19/19 MP: 1/1
   128 | D:1      | Reached XP level 2. HP: 23/27 MP: 2/2
   131 | D:1      | Reached skill level 3 in Axes
   412 | D:1      | Reached XP level 3. HP: 33/33 MP: 3/3
  1209 | D:2      | Reached XP level 4. HP: 40/40 MP: 4/4
  1377 | D:2      | Found a burning altar of Makhleb.
  1538 | D:2      | Found a stormy altar of Qazlal.
  1730 | D:3      | Noticed Natasha
  1731 | D:3      | Became a worshipper of Beogh the Brigand
  1737 | D:3      | Killed Natasha
  1746 | D:3      | Reached skill level 4 in Axes
  1787 | D:3      | Noticed Grinder
  1803 | D:3      | Paralysed by Grinder for 7 turns
  1811 | D:3      | Killed Grinder
  1811 | D:3      | Reached skill level 5 in Axes
  1811 | D:3      | Reached XP level 5. HP: 9/47 MP: 4/6
  1811 | D:3      | Reached XP level 6. HP: 10/53 MP: 4/7
  1886 | D:3      | Killed Natasha
  1887 | D:3      | Noticed Natasha
  1898 | D:3      | Killed Natasha
  2123 | D:3      | Found a sacrificial altar of Ru.
  2155 | D:3      | Found a snail-covered altar of Cheibriados.
  2601 | D:3      | Found an ancient bone altar of Kikubaaqudgha.
  2601 | D:3      | Noticed a human
  2620 | D:3      | Killed a human
  2636 | D:3      | Reached * piety under Beogh
  2644 | D:3      | Reached skill level 5 in Shields
  2948 | D:4      | Found Feomeshru's Book Shoppe.
  2986 | D:4      | Found a staircase to the Ecumenical Temple.
  2996 | D:4      | Reached XP level 7. HP: 53/60 MP: 9/9
  3138 | D:4      | Reached skill level 6 in Axes
  3179 | D:4      | Noticed Duvessa
  3180 | D:4      | Noticed Dowan
  3193 | D:4      | Killed Duvessa
  3196 | D:4      | Killed Dowan
  3306 | D:4      | Found a runed translucent door.
  3308 | D:4      | Noticed MajorAdolf's ghost (novice NaWn)
  3375 | D:4      | Killed MajorAdolf's ghost
  3375 | D:4      | Reached skill level 5 in Fighting
  3375 | D:4      | Reached skill level 7 in Axes
  3375 | D:4      | Reached skill level 5 in Armour
  3375 | D:4      | Reached skill level 5 in Invocations
  3375 | D:4      | Reached XP level 8. HP: 46/69 MP: 11/11
  3392 | D:4      | Noticed Edmund
  3406 | D:4      | Killed Edmund
  3406 | D:4      | Reached skill level 8 in Axes
  3642 | D:5      | Entered Level 5 of the Dungeon
  3647 | D:5      | Found Haugeg's Gadget Boutique.
  4082 | D:5      | Reached ** piety under Beogh
  4444 | D:6      | Reached XP level 9. HP: 74/75 MP: 13/13
  4559 | D:6      | Reached skill level 1 in Evocations
  4655 | D:6      | Found a deep blue altar of Sif Muna.
  4663 | D:6      | Reached skill level 9 in Axes
  5251 | D:7      | Noticed voshxz's ghost (novice TrBe)
  5252 | D:7      | Found the ring of Robustness {AC+8}
  5256 | D:7      | Found a transporter.
  5256 | D:7      | Identified the +2 dire flail of the Mushroom {pain, rElec
                  | rF++ Stlth+}
  5256 | D:7      | Noticed a two-headed ogre
  5263 | D:7      | Found a transporter.
  5359 | D:7      | Found an ornate altar of the Wu Jian Council.
  6426 | D:7      | HP: 5/117 [voshxz's ghost (5)]
  6427 | D:7      | Slain by voshxz's ghost

Skill      XL: |  1  2  3  4  5  6  7  8  9 |
---------------+----------------------------+-----
Axes           | 3 5 7 8 9 |  9.7
Fighting       | 4 5 6 |  6.5
Shields        | 4 5 6 7 |  7.3
Armour         | 4 5 6 |  6.2
Invocations    | 2 3 5 6 7 |  7.2
Evocations     | 2 |  2.6
Dodging        | |  0.5

Action                   |  1- 3 |  4- 6 |  7- 9 || total
-------------------------+-------+-------+-------++-------
Melee: War axe           |   129 |    68 |       ||   197
       Hand axe          |       |    64 |   421 ||   485
Invok: Convert to Beogh  |       |     1 |       ||     1
Evoke: Wand              |       |       |     3 ||     3
  Use: Potion            |     3 |     1 |     3 ||     7
       Scroll            |       |     8 |     6 ||    14
  Eat: Chunk             |     1 |    11 |    11 ||    23
       Ration            |       |     1 |       ||     1
Armor: Scale mail        |    34 |       |       ||    34
       Plate armour      |    75 |    80 |   189 ||   344
       Skin              |       |       |     8 ||     8
Dodge: Dodged            |    44 |    21 |    43 ||   108
Block: Shield            |    93 |    55 |   163 ||   311
